 Dungeon Crawl Stone Soup version 0.31.0-32-g396128a36d (webtiles) character file.

Game seed: 1928016874908976315

11951 PaiMei the Artisan of Death (level 11, -5/89 HPs)
             Began as a Demonspawn Necromancer on Apr 1, 2024.
             Was a Priest of Kikubaaqudgha.
             Killed from afar by a lightning spire (12 damage)
             ... with a bolt of electricity
             ... in a Gauntlet.
             The game lasted 00:38:53 (15370 turns).

PaiMei the Artisan of Death (DsNe)                 Turns: 15370, Time: 00:38:53

Health: -5/89      AC: 14    Str: 15    XL:     11   Next: 56%
Magic:  32/32      EV: 29    Int: 28    God:    Kikubaaqudgha [***...]
Gold:   404        SH:  0    Dex: 15    Spells: 6/27 levels left

rFire   . . .        K - +7 staff of the Meek {protect, meekguard}
rCold   . . .        (shield currently unavailable)
rNeg    . . .        B - +3 ring mail of Repulsion {rPois Int+8 Dex+2 Stlth-}
rPois   +            r - +0 helmet
rElec   .            F - +0 cloak
rCorr   .            v - +2 pair of gloves
SInv    .            V - +0 pair of boots
Will    .....        X - amulet of the acrobat Stlth
                     i - +6 ring of strength
HPRegen 0.34/turn    Y - ring of magical power
MPRegen 0.23/turn

%: no teleportation, acrobat
@: acrobatic
A: hooves 2, powered by death 2, demonic magic 2
a: Renounce Religion, Unearth Wretches


You were in a Gauntlet.
You worshipped Kikubaaqudgha.
Kikubaaqudgha was most pleased with you.
You visited 3 branches of the dungeon, and saw 12 of its levels.
You also visited: Gauntlet.

You collected 459 gold pieces.
You spent 55 gold pieces at shops.

Inventory:

Hand Weapons
 K - the +7 staff of the Meek (weapon) {protect, meekguard}
   (You found it on level 7 of the Dungeon)
 Q - a +1 trident of freezing
 R - a +2 halberd of venom
Missiles
 y - 35 poisoned darts (quivered)
 U - 3 throwing nets
Armour
 r - a +0 helmet (worn)
 v - a +2 pair of gloves (worn)
 A - the +1 Delatra's gloves {ID++}
   (You found it on level 4 of the Dungeon)

   ID++:      It heals its wearer when they drink unknown potions, and restores
   their MP when they read unknown scrolls.
 B - the +3 ring mail of Repulsion (worn) {rPois Int+8 Dex+2 Stlth-}
   (You found it on level 4 of the Dungeon)

   Int+8:     It affects your intelligence (+8).
   Dex+2:     It affects your dexterity (+2).
   rPois:     It protects you from poison Stlth-: It makes you less stealthy.
 F - a +0 cloak (worn)
 V - a +0 pair of boots (worn)
Magical Staves
 M - a staff of death
Jewellery
 i - a +6 ring of strength (left hand)
 k - a ring of flight
 u - a ring of see invisible
 w - a ring of protection from fire
 X - an amulet of the acrobat (around neck)
 Y - a ring of magical power (right hand)
Wands
 Z - a wand of mindburst (5)
Scrolls
 d - 3 scrolls of immolation
 f - a scroll of revelation
 g - 2 scrolls of enchant weapon
 o - a scroll of torment
 p - 4 scrolls of poison
 s - 10 scrolls of teleportation
 x - a scroll of blinking {unknown}
 z - 3 scrolls of fog
 E - a scroll of brand weapon {unknown}
 I - a scroll of amnesia {unknown}
 L - a scroll of enchant armour {unknown}
 O - a scroll of noise {unknown}
 S - a scroll of fear {unknown}
 W - a scroll of vulnerability {unknown}
Potions
 a - a potion of lignification {unknown}
 b - 2 potions of magic
 c - 4 potions of haste
 e - 3 potions of brilliance
 h - 4 potions of curing
 j - 4 potions of ambrosia
 l - 3 potions of resistance
 n - a potion of might {unknown}
 q - 4 potions of heal wounds
 D - a potion of berserk rage {unknown}
 G - a potion of cancellation {unknown}
 H - a potion of invisibility {unknown}
 J - a potion of degeneration {unknown}
 N - a potion of mutation {unknown}
 P - a potion of enlightenment {unknown}


   Skills:
 + Level 9.2 Fighting
 + Level 8.8 Dodging
 - Level 2.0 Stealth
 + Level 8.8 Spellcasting
 + Level 11.1 Necromancy


You had 6 spell levels left.
You knew the following spells:

 Your Spells              Type           Power      Damage    Failure   Level
a - Necrotise             Necr           100%       1d9       1%          1
b - Vampiric Draining     Necr           66%        2d10      1%          3
c - Animate Dead          Necr           66%        N/A       1%          4
d - Curse of Agony        Necr           66%        N/A       2%          5
e - Dispel Undead         Necr           66%        3d23      1%          4
f - Anguish               Hex/Necr       21%        N/A       9%          4

Your spell library contained the following spells:

 Spells                   Type           Power      Damage    Failure   Level
 Kiss of Death            Conj/Necr      100%       2d13      1%          1
 Summon Small Mammal      Summ           48%        N/A       9%          1
 Static Discharge         Conj/Air       24%        3-4/arc   14%         2
 Death Channel            Necr           33%        N/A       14%         6
 Call Canine Familiar     Summ           12%        N/A       26%         3
 Gell's Gravitas          Tloc           12%        N/A       26%         3
 Inner Flame              Hex/Fire       12%        N/A       26%         3
 Teleport Other           Tloc           12%        N/A       26%         3
 Airstrike                Air            6%         2d(1-17)  65%         4
 Flame Wave               Conj/Fire      12%        2d6       65%         4
 Sticky Flame             Fire/Alch      12%        2d5       65%         4
 Summon Blazeheart Golem  Fire/Summ      12%        N/A       65%         4
 Summon Lightning Spire   Summ/Air       12%        N/A       65%         4
 Dispersal                Tloc           6%         N/A       100%        6


Dungeon Overview and Level Annotations

Branches:
Dungeon (10/15)            Temple (1/1) D:5            Lair (1/5) D:10
    Orc (0/2) D:9         Gauntlet (1/1)

Altars:
Ashenzari
Cheibriados
Dithmenos
Fedhas
Gozag
Hepliaklqana
Kikubaaqudgha
Makhleb
Nemelex Xobeh
Okawaru
Qazlal
Ru
Sif Muna
Trog
Uskayaw
Vehumet
Wu Jian
Xom
Yredelemnul

Shops:
D:1 =   D:2 :   D:5 !

Annotations:
D:3 2 transporters, 1 runed translucent door, Crazy Yiuf Gauntlet 11 transporters, exclusion: 2 lightning spires


Innate Abilities, Weirdness & Mutations

You have hoof-like feet.
You regenerate health from kills.
Spells you cast may paralyse nearby enemies.


Message History

You start waiting.
The raiju barks!
The moth of wrath angrily waves its antennae.
The raiju pauses to sniff the ground.
Done waiting.
Press: ? - help, v - describe, . - travel A translucent stone wall.
Press: ? - help, v - describe, . - travel
Here: a lightning spire (fire blocked by a translucent stone wall)
The floor.
Unknown command.
Unknown command.
The moth of wrath angrily waves its antennae.
Unknown command.
There is a transporter here.
You start waiting.
Done waiting.
You enter the transporter and appear at another place.
The lightning spire shoots out a bolt of lightning at you!
The bolt of electricity misses you. x2
The lightning spire shoots out a bolt of lightning at you!
The bolt of electricity misses you.
The lightning spire shoots out a bolt of lightning at you!
The bolt of electricity misses you. The bolt of electricity hits you!
There is a transporter here.
The lightning spire shoots out a bolt of lightning at you!
The bolt of electricity hits you!!
You see here a potion of haste.
c - 4 potions of haste (gained 1)
The lightning spire shoots out a bolt of lightning at you!
The bolt of electricity hits you!
The lightning spire shoots out a bolt of lightning at you!
The bolt of electricity hits you!!
* * * LOW HITPOINT WARNING * * *
The bolt of electricity misses you.
The lightning spire shoots out a bolt of lightning at you!
The bolt of electricity hits the raiju.
The raiju completely resists.
The bolt of electricity hits you!
You die...
Kikubaaqudgha rasps: "You have failed me!
Welcome... death!"

.........§§..#≈#≈#§#≈#§#§#≈##
......8....................≈#
.............8.....8.....8.##
.###########...............≈#
.#...#.#...#...#########...##
.#..#...#..#...###.....#...≈#
.#=##...##.########8##.#...##
.#=.##.#..##...#?h..##.#...§#
.#©.#.©...3#©8©#@#.©.#.#©8.##
.#..##.#..##...#.##..h.#...≈#
.#)##...##3#####[##.####...##
.#..#...#..#...#8....###§§.§#
.#...#.#.3.#...#########..§##
.###########...............§#
.............8.....8.....8§##
8.....8.....................##
..............###########...≈#


You could see 2 lightning spires, 3 sixfirhies and a raiju.

Vanquished Creatures
  Josephine (D:9)
  Harold (D:9)
  A two-headed ogre (D:9)
  A cane toad (Lair:1)
  A rime drake (D:10)
  A troll (D:8)
  A polar bear (D:10)
  3 blink frogs (Lair:1)
  A shadow (D:9)
  2 wyverns
  5 wraiths (D:10)
  Grum (D:8)
  3 steam dragons
  6 vampire mosquitoes (D:10)
  2 acid dragons (D:10)
  4 water moccasins
  5 ice beasts
  A sky beast (D:7)
  3 orc warriors
  2 black bears
  An ogre (D:5)
  12 wolves
  4 centaurs
  A phantom (D:6)
  6 kobold brigands
  A gnoll sergeant (D:8)
  16 wights
  5 killer bees (D:9)
  9 howler monkeys
  2 bombardier beetles (D:4)
  3 hounds
  6 orc priests
  4 iguanas
  Jessica (D:2)
  8 orc wizards
  A sleepcap (D:6)
  Robin (D:2)
  4 gnolls (D:8)
  8 adders
  5 white imps
  4 ufetubi (D:5)
  3 dart slugs
  3 ribbon worms (D:2)
  28 orcs
  7 ball pythons
  4 bats
  5 endoplasms
  2 giant cockroaches (D:2)
  10 goblins
  10 hobgoblins
  30 kobolds
  4 quokkas
  3 rats
256 creatures vanquished.

Vanquished Creatures (collateral kills)
  A black bear (Lair:1)
  A wolf (Lair:1)
  A bullfrog (Lair:1)
  3 orcs
  An endoplasm (D:2)
  2 goblins (D:2)
9 creatures vanquished.

Vanquished Creatures (others)
  A kobold (D:8)
1 creature vanquished.

Grand Total: 266 creatures vanquished

Notes
Turn   | Place    | Note
-------+----------+-------------------------------------------
     0 | D:1      | PaiMei the Demonspawn Necromancer began the quest for the
                  | Orb.
     0 | D:1      | Reached XP level 1. HP: 13/13 MP: 3/3
   182 | D:1      | Gained mutation: You have large cloven feet. [demonic
                  | ancestry]
   182 | D:1      | Reached XP level 2. HP: 19/19 MP: 0/5
   307 | D:1      | Found Sostrin's Jewellery Shoppe.
   931 | D:2      | Gained mutation: Spells you cast may paralyse adjacent
                  | enemies. [demonic ancestry]
   931 | D:2      | Reached XP level 3. HP: 16/25 MP: 6/6
  1067 | D:2      | Learned a level 3 spell: Vampiric Draining
  1129 | D:2      | Noticed Robin
  1133 | D:2      | Reached skill level 1 in Fighting
  1436 | D:2      | Killed Robin
  1535 | D:2      | Gained mutation: You have hoof-like feet. [demonic
                  | ancestry]
  1535 | D:2      | Reached XP level 4. HP: 22/32 MP: 1/7
  1991 | D:2      | Noticed Jessica
  1998 | D:2      | Killed Jessica
  1999 | D:2      | Reached skill level 5 in Necromancy
  2140 | D:2      | Found Dakalir's Book Boutique.
  2334 | D:3      | Found a transporter.
  2440 | D:3      | Found a faded altar of an unknown god.
  2593 | D:3      | Found a transporter.
  2605 | D:3      | Reached XP level 5. HP: 38/38 MP: 7/9
  2808 | D:3      | Found a runed translucent door.
  2809 | D:3      | Noticed Crazy Yiuf
  2913 | D:4      | You fall into a shaft and drop 2 floors!
  3247 | D:6      | Noticed a phantom
  3360 | D:5      | Entered Level 5 of the Dungeon
  3379 | D:5      | Reached XP level 6. HP: 23/46 MP: 6/11
  3754 | D:4      | Found a stormy altar of Qazlal.
  4423 | D:4      | Found the +1 Delatra's gloves {ID++}
  4577 | D:4      | Identified the +3 ring mail of Repulsion {rPois Int+8 Dex+2
                  | Stlth-}
  5365 | D:5      | Noticed a steam dragon
  5375 | D:5      | Killed a steam dragon
  5376 | D:5      | Reached skill level 6 in Necromancy
  5376 | D:5      | Reached XP level 7. HP: 52/52 MP: 5/13
  5550 | D:5      | Found a staircase to the Ecumenical Temple.
  5567 | Temple   | Entered the Ecumenical Temple
  5590 | Temple   | Became a worshipper of Kikubaaqudgha
  5896 | D:5      | Found a burning altar of Makhleb.
  5931 | D:5      | Found Busich's Distillery.
  5956 | D:5      | Bought a potion of heal wounds for 55 gold pieces
  6167 | D:6      | Gained mutation: You regenerate a little health from kills.
                  | [demonic ancestry]
  6167 | D:6      | Reached XP level 8. HP: 60/60 MP: 4/14
  6672 | D:6      | Reached skill level 7 in Necromancy
  6835 | D:6      | Reached skill level 5 in Spellcasting
  7091 | D:6      | Reached skill level 5 in Dodging
  7540 | D:7      | Reached * piety under Kikubaaqudgha
  7540 | D:7      | Received a gift from Kikubaaqudgha
  7547 | D:7      | Reached skill level 5 in Fighting
  7572 | D:7      | Found the +7 staff of the Meek {protect, meekguard}
  8354 | D:7      | Reached XP level 9. HP: 68/68 MP: 12/17
  8689 | D:7      | Reached skill level 8 in Necromancy
  9640 | D:8      | Reached ** piety under Kikubaaqudgha
  9940 | D:8      | Noticed Grum
 10184 | D:8      | Killed Grum
 10279 | D:8      | Reached skill level 9 in Necromancy
 10783 | D:8      | Gained mutation: You regenerate health from kills. [demonic
                  | ancestry]
 10783 | D:8      | Reached XP level 10. HP: 74/78 MP: 20/20
 11632 | D:9      | Found a staircase to the Orcish Mines.
 11731 | D:9      | Noticed a two-headed ogre
 12024 | D:9      | Noticed Harold
 12044 | D:9      | Killed Harold
 12355 | D:9      | Killed a two-headed ogre
 12356 | D:9      | Reached skill level 10 in Necromancy
 12469 | D:9      | Found a radiant altar of Vehumet.
 12588 | D:10     | Entered Level 10 of the Dungeon
 12681 | D:10     | Reached *** piety under Kikubaaqudgha
 12681 | D:10     | Received a gift from Kikubaaqudgha
 12691 | D:10     | Gained mutation: Spells you cast may paralyse nearby
                  | enemies. [demonic ancestry]
 12691 | D:10     | Reached XP level 11. HP: 87/87 MP: 7/23
 13202 | D:10     | Noticed Josephine
 13228 | D:9      | Learned a level 4 spell: Animate Dead
 13234 | D:9      | Learned a level 5 spell: Curse of Agony
 13239 | D:9      | Learned a level 4 spell: Dispel Undead
 13244 | D:9      | Learned a level 4 spell: Anguish
 13261 | D:9      | Killed Josephine
 13985 | D:10     | Found a staircase to the Lair.
 14293 | Lair:1   | Entered Level 1 of the Lair of Beasts
 14313 | Lair:1   | Reached skill level 11 in Necromancy
 14471 | Lair:1   | Found a gate leading to a gauntlet.
 14490 | Gauntlet | Entered a Gauntlet
 14490 | Gauntlet | Found a transporter.
 14601 | Gauntlet | Noticed a large abomination
 14609 | Gauntlet | Found a transporter.
 14619 | Gauntlet | Noticed a lightning spire
 14621 | Gauntlet | Found a transporter.
 14626 | Gauntlet | Found a transporter.
 14630 | Gauntlet | Noticed a lightning spire
 14631 | Gauntlet | Noticed a sixfirhy
 14636 | Gauntlet | Noticed a sixfirhy
 14637 | Gauntlet | Noticed a sixfirhy
 14641 | Gauntlet | Found a transporter.
 14656 | Gauntlet | Found a transporter.
 14659 | Gauntlet | Found a transporter.
 14663 | Gauntlet | Found a transporter.
 14681 | Gauntlet | Noticed a thrashing horror
 14682 | Gauntlet | Found a transporter.
 14683 | Gauntlet | Noticed a thrashing horror
 14690 | Gauntlet | Found a transporter.
 14690 | Gauntlet | Found a transporter.
 14695 | Gauntlet | Noticed a hell beast
 14698 | Gauntlet | Found a transporter.
 15370 | Gauntlet | Killed from afar by a lightning spire

Illustrated notes

Levels and vault maps discovered:
D:1:      dpeg_arrival_rooms_a, layout_loops_ring, serial_shops, shop,
          minmay_misc_feat_cross
D:2:      layout_rooms, serial_shops, shop, uniq_robin, uniq_jessica
D:3:      gammafunk_wand_slinger, layout_rooms,
          hellmonk_ecumenical_altar_zigzags, uniq_crazy_yiuf_cottage
D:4:      layout_basic, mainiacjoe_overflow_tiny_flanked
D:5:      layout_basic, bloody_makhleb, minmay_temple_entry_statues_fountains,
          serial_shops, nicolae_shop_statue_plus
D:6:      layout_basic
D:7:      layout_basic, pf_guarded_unrand_meek
D:8:      layout_layer_cave, feat_on_display, uniq_grum
D:9:      layout_basic, vehumet_crystals, uniq_harold
D:10:     layout_roguey, hellmonk_lair_entry_icy, uniq_josephine
Temple:   nicolae_temple_bog_church
Lair:1:   layout_hall_layers, gauntlet_entry_generic
Gauntlet: minmay_gauntlet_mixed_oops_all_seconds
          [minmay_gauntlet_arena_77_p_blocks, gammafunk_gauntlet_arena_mazey,
          minmay_gauntlet_arena_77_two_lines, gammafunk_gauntlet_arena_chambers,
          minmay_gauntlet_arena_77_box, gammafunk_gauntlet_arena_corners,
          gauntlet_exit_green]

Skill      XL: |  1  2  3  4  5  6  7  8  9 10 11 |
---------------+----------------------------------+-----
Stealth        | 2 |  2.0
Dodging        | 2 3 4 5 6 8 |  8.8
Fighting       | 1 2 3 4 5 7 8 9 |  9.2
Necromancy     | 5 6 7 9 10 11 | 11.1
Spellcasting   | 3 4 5 6 8 |  8.8

Action                     |  1- 3 |  4- 6 |  7- 9 | 10-12 || total
---------------------------+-------+-------+-------+-------++-------
  Melee: Unarmed           |     4 |       |       |       ||     4
         Dagger            |    22 |       |       |       ||    22
         Kick              |     7 |    11 |    53 |     6 ||    77
         Rapier            |       |    44 |   107 |       ||   151
         Quarterstaff      |       |       |    72 |   193 ||   265
   Cast: Necrotise         |    60 |    82 |    69 |    13 ||   224
         Vampiric Draining |       |    12 |    79 |    70 ||   161
         Dispel Undead     |       |       |       |     9 ||     9
         Animate Dead      |       |       |       |     2 ||     2
         Curse of Agony    |       |       |       |     2 ||     2
    Use: Potion            |     1 |     3 |       |       ||     4
         Scroll            |       |       |       |    10 ||    10
   Stab: Paralysed         |     1 |     8 |    29 |    14 ||    52
 Armour: Robe              |    21 |    41 |       |       ||    62
         Ring mail         |       |    12 |   196 |   214 ||   422
  Dodge: Dodged            |    23 |    71 |   223 |   241 ||   558
